 Dungeon Crawl Stone Soup version 0.28-a0-2-g643f2454ad (webtiles) character file.

Game seed: 7258339338987067770

56 PentaManta the Ruffian (level 3, -1/33 HPs)
             Began as a Ghoul Monk on July 22, 2021.
             Slain by a black bear (4 damage)
             ... on level 2 of the Dungeon.
             The game lasted 00:02:05 (1403 turns).

PentaManta the Ruffian (Ghoul Monk)                 Turns: 1403, Time: 00:02:05

Health: -1/33      AC:  5    Str: 14    XL:     3   Next: 95%
Magic:  2/2        EV: 11    Int:  6    God:
Gold:   65         SH:  0    Dex: 11    Spells: 2/2 levels left

rFire   . . .      SeeInvis .     - Unarmed
rCold   + . .      Faith    .   (no shield)
rNeg    + + +      Spirit   .   b - +0 ring mail
rPois   ∞          Reflect  .   (no helmet)
rElec   .          Harm     .   (no cloak)
rCorr   .          Rampage  .   (no gloves)
Will    .....                   (no boots)
Stlth   +.........              (no amulet)
HPRegen 0.00/turn               (no ring)
MPRegen 0.08/turn               (no ring)

@: inhibited regen
A: claws 1, cold resistance 1, negative energy resistance 3, inhibited
regeneration, torment resistance 2
a: no special abilities


You were on level 2 of the Dungeon.
You visited 1 branch of the dungeon, and saw 2 of its levels.

You collected 65 gold pieces.

Inventory:

Armour
 a - a +0 robe
 b - a +0 ring mail (worn)
Scrolls
 e - a scroll of acquirement {unknown}
 f - a scroll of teleportation {unknown}
 g - a scroll of fog {unknown}
 h - a scroll of identify {unknown}
 j - a scroll of summoning {unknown}
 k - a scroll of vulnerability {unknown}
Potions
 c - a potion of ambrosia {unknown}
 d - a potion of attraction {unknown}
 i - a potion of brilliance {unknown}


   Skills:
 + Level 3.9 Fighting
 - Level 2.7 Dodging
 - Level 2.1 Stealth
 * Level 4.6 Unarmed Combat


You had 2 spell levels left.
You didn't know any spells.
Your spell library was empty.

Dungeon Overview and Level Annotations

Branches:
Dungeon (2/15)

Altars:

Annotations:
D:2 Sigmund


Innate Abilities, Weirdness & Mutations

You thrive by killing the living.
You are immune to poison.
You have sharp fingernails.
Your flesh is cold resistant. (rC+)
You are immune to negative energy. (rN+++)
You do not regenerate when monsters are visible.
You are immune to unholy pain and torment.


Message History

You closely miss Sigmund.
Sigmund is moderately wounded.
Sigmund hits you with a +0 scythe of flaming!
Sigmund burns you.
* * * LOW HITPOINT WARNING * * *
You scratch Sigmund but do no damage.
Sigmund is moderately wounded.
Sigmund misses you.
You closely miss Sigmund.
Sigmund is moderately wounded.
Sigmund closely misses you.
You closely miss Sigmund.
Sigmund is moderately wounded.
Sigmund misses you.
You scratch Sigmund.
Sigmund is moderately wounded.
Sigmund barely misses you.
You scratch Sigmund.
Sigmund is heavily wounded.
The black bear bites you.
* * * LOW HITPOINT WARNING * * *
The black bear claws you but does no damage. x2
Sigmund says, "I'm your fate." Sigmund barely misses you.
You claw Sigmund!
Sigmund is almost dead.
The black bear bites you but does no damage.
The black bear claws you but does no damage. x2
Sigmund closely misses you.
You scratch Sigmund but do no damage.
Sigmund is almost dead.
The black bear closely misses you. x2
The black bear claws you but does no damage.
You scratch Sigmund.
Sigmund is almost dead.
Sigmund gestures at you while chanting. You resist with significant effort.
The black bear bites you.
* * * LOW HITPOINT WARNING * * *
The black bear closely misses you. The black bear claws you.
You die...

#.#######.##.###.#.#
#.# #.##.# #.#.# #.#
#.##.# #.#.# #.#
#..... ....# #.#
#....# ##.# #.#
#....#
##.###.#######.#.
#..............#
#..#####@@...## #
#.h.......
##.(>..### ##...##
...# #... #.## .#


You could see Sigmund and a black bear.

Vanquished Creatures
  A gnoll (D:1)
  A bat (D:1)
  3 endoplasms (D:1)
  A giant cockroach (D:1)
  6 goblins
  7 hobgoblins (D:1)
  6 jackals (D:1)
  3 kobolds (D:1)
  2 quokkas
  2 ball pythons (D:1)
  2 frilled lizards
  6 rats (D:1)
40 creatures vanquished.

Notes
Turn   | Place    | Note
-------+----------+-------------------------------------------
     0 | D:1      | PentaManta the Ghoul Monk began the quest for the Orb.
     0 | D:1      | Reached XP level 1. HP: 19/19 MP: 0/0
   286 | D:1      | Reached XP level 2. HP: 22/26 MP: 1/1
   488 | D:1      | Reached skill level 4 in Unarmed Combat
   600 | D:1      | Reached XP level 3. HP: 33/33 MP: 2/2
  1389 | D:2      | Noticed Sigmund
  1391 | D:2      | Noticed a black bear
  1403 | D:2      | Slain by a black bear

Illustrated notes

Levels and vault maps discovered:
D:1:      kennysheep_arrival_forest, layout_loops_corners, minmay_tetromino_i4
D:2:      layout_loops_ring, uniq_sigmund

Skill      XL: |  1  2 |
---------------+-------+-----
Unarmed Combat | 4 |  4.6
Fighting       | |  3.9
Dodging        | |  2.7
Stealth        | |  2.1

Action                   || total
-------------------------++-------
Melee: Unarmed           ||   142
Armor: Ring mail         ||    42
Dodge: Dodged            ||    64

Table legend: (Time is in decaauts)
 A = Elapsed time spent in this place.
 B = Non-inter-level travel time spent in this place.
 C = Inter-level travel time spent in this place.
 D = Time resting spent in this place.
 E = Time spent auto-exploring this place.
 F = Levels seen in this place.
 G = Mean time per level.
                   A        B        C        D        E       F      G
               +--------+--------+--------+--------+--------+-----+--------+
         Total |   1392 |   1338 |     54 |    149 |    918 |   2 |  696.0 |
       Dungeon |   1392 |   1338 |     54 |    149 |    918 |   2 |  696.0 |
               +--------+--------+--------+--------+--------+-----+--------+

Top non-repeatable levels by time:
     D:1: 1288 daAuts
     D:2: 103 daAuts
